 Dungeon Crawl Stone Soup version 0.24.0-1-gfbc8707122 (webtiles) character file.

Game seed: 15274674590714740287, levelgen mode: deterministic

17146 Masnef the Basher (level 12, -9/71 HPs)
             Began as a Tengu Skald on Oct 27, 2019.
             Was a High Priest of Vehumet.
             Mangled by a phantasmal warrior (30 damage)
             ... led by a death knight
             ... on level 11 of the Dungeon.
             The game lasted 01:00:33 (18275 turns).

Masnef the Basher (Tengu Skald)                    Turns: 18275, Time: 01:00:34

Health: -9/71      AC:  9    Str: 13    XL:     12   Next: 44%
Magic:  26/32      EV: 22    Int: 23    God:    Vehumet [*****.]
Gold:   1683       SH:  0    Dex: 16    Spells: 4/23 levels left

rFire    + . .     SeeInvis .   A - +1 flail (drain)
rCold    . . .     Gourm    .   (no shield)
rNeg     . . .     Faith    .   B - +1 leather armour of Wonder {*Contam rPois rF+}
rPois    +         Spirit   .   n - +3 hat of Pondering {ponderous, MR+ MP+10 Int+5}
rElec    .         Reflect  .   D - +0 cloak
rCorr    .         Harm     .   M - +0 pair of gloves
MR       +....                  (boots unavailable)
Stlth    +++.......             (no amulet)
HPRegen  0.21/turn              H - +3 ring of dexterity
MPRegen  0.23/turn              (no ring)

@: flying quickly and evasively
A: beak, talons 3, able to fly
a: Stop Flying, Renounce Religion


You were on level 11 of the Dungeon.
You worshipped Vehumet.
Vehumet was extremely pleased with you.
You were not hungry.

You visited 1 branch of the dungeon, and saw 11 of its levels.
You also visited: Bailey.

You collected 1683 gold pieces.

Inventory:

Hand Weapons
 a - a +0 mace
 c - a cursed +0 dagger
 f - a +3 mace
 o - a +1 mace of protection
 u - a +2 whip of freezing
 y - a +2 mace of holy wrath
 A - a +1 flail of draining (weapon)
Armour
 b - a +0 leather armour
 k - a +0 troll leather armour
 m - a scarf of repulsion
 n - the +3 hat of Pondering (worn) {ponderous, MR+ MP+10 Int+5}
   (You took it off Gastronok on level 10 of the Dungeon)

   It affects your intelligence (+5).
   It affects your resistance to hostile enchantments.
   It affects your magic capacity (+10).
 t - +0 acid dragon scales
 w - the +6 ring mail of the Slightly Bent {*Drain rN+++ MR+++, unknown}
   (You found it on level 11 of the Dungeon)

   It renders you almost immune to negative energy.
   It affects your resistance to hostile enchantments.
   It causes draining when unequipped.
 B - the +1 leather armour of Wonder (worn) {*Contam rPois rF+}
   (You found it on level 4 of the Dungeon)

   It protects you from fire.
   It protects you from poison.
   It causes magical contamination when unequipped.
 D - a +0 cloak (worn)
 I - a +0 leather armour of positive energy
 J - a +0 leather armour of fire resistance
 M - a +0 pair of gloves (worn)
Jewellery
 H - a +3 ring of dexterity (left hand)
Wands
 j - a wand of flame (10)
 x - a wand of random effects (41)
 C - a wand of acid (3)
 E - a wand of polymorph (8)
 L - a wand of paralysis (6)
Scrolls
 e - 2 scrolls of identify
 g - 5 scrolls of teleportation
 h - 7 scrolls of fear
 i - 4 scrolls of remove curse
 N - a scroll of amnesia
Potions
 l - 5 potions of curing
 p - 2 potions of magic
 q - 7 potions of heal wounds
 r - 2 potions of brilliance
 v - a potion of agility {unknown}
 z - a potion of ambrosia
 F - a potion of invisibility
 G - 3 potions of flight
 K - 2 potions of mutation
Miscellaneous
 s - a lightning rod (4/4)
Comestibles
 d - 12 rations
 O - a chunk of flesh


   Skills:
 + Level 6.9 Fighting
 + Level 11.5 Maces & Flails
 - Level 1.1 Armour
 * Level 10.1 Dodging
 + Level 5.0 Stealth
 * Level 6.3 Spellcasting
 * Level 8.3 Conjurations
 - Level 3.0 Charms
 - Level 2.0 Translocations
 * Level 6.3 Fire Magic
 * Level 2.1 Ice Magic
 * Level 2.8 Evocations


You had 4 spell levels left.
You knew the following spells:

 Your Spells              Type           Power        Failure   Level  Hunger
a - Throw Icicle          Conj/Ice       ####....     3%          4    ###....
b - Shroud of Golubria    Chrm/Tloc      ###...       5%          2    None
d - Dazzling Spray        Conj/Hex       ####..       1%          3    #......
e - Blink                 Tloc           N/A          7%          2    None
f - Fireball              Conj/Fire      #####.....   4%          5    #####..
g - Mephitic Cloud        Conj/Pois/Air  ###.....     2%          3    #......

Your spell library contained the following spells:

 Spells                   Type           Power        Failure   Level  Hunger
 Force Lance              Conj/Tloc      ####....     3%          4    ###....
 Magic Dart               Conj           ####         1%          1    None
 Conjure Flame            Conj/Fire      #####...     1%          3    #......
 Infusion                 Chrm           ###.         3%          1    None
 Song of Slaying          Chrm           ###.....     4%          2    None
 Call Imp                 Summ           #.......     16%         2    None
 Slow                     Hex            #.......     16%         2    None
 Regeneration             Chrm/Necr      ##........   17%         3    #......
 Spectral Weapon          Hex/Chrm       ##......     17%         3    #......


Dungeon Overview and Level Annotations

Branches:
Dungeon (11/15)            Temple (0/1) D:4            Lair (0/6) D:10
    Orc (0/2) D:10         Bailey (visited)

Altars:
Ashenzari
Cheibriados
Dithmenos
Fedhas
Gozag
Kikubaaqudgha
Okawaru
Qazlal
Trog
Uskayaw
Vehumet
Wu Jian
Yredelemnul

Annotations:
D:3 3 runed translucent doors, Zaque's ghost, amateur OpTm
D:11 Sonja


Innate Abilities, Weirdness & Mutations

You have a beak for a mouth.
You have claws for feet.
You can fly continuously.


Message History

Sonja gestures wildly while chanting.
Sonja blinks!
The red ugly thing is engulfed in noxious fumes.
A phantasmal warrior comes into view.
The death knight is engulfed in noxious fumes.
The death knight appears confused.
Sonja plants her feet in a plie.
You hit the red ugly thing. You claw the red ugly thing.
You peck the red ugly thing, but do no damage.
The red ugly thing is moderately wounded.
The red ugly thing punches you!
You are engulfed in flames!
You resist.
The phantasmal warrior blinks!
A skeletal warrior comes into view. It is wielding a +0 war axe.
The phantasmal warrior blinks!
The phantasmal warrior hits you!!
* * * LOW HITPOINT WARNING * * *
Unknown command.
Okay, then.
The phantasmal warrior hits you!!
You die...

##### #### ...°..###
..
....zD'.###.#######
......#..u#.......#..
z§..p ###W@.......#.#
.... #...#.#.....#
..K ##.##..#..### ##
#.#.........
##.##.##.####
#....#...# #........#
#..####..## #.# #.##


You could see a red ugly thing, a skeletal warrior, a phantasmal warrior and an
acid dragon.

Vanquished Creatures
  Gastronok (D:10)
  A hydra (D:9)
  3 two-headed ogres
  3 death yaks (D:9)
  Pikel (D:5)
  A cyclops (D:11)
  Psyche (D:9)
  2 trolls
  Prince Ribbit (D:6)
  2 dream sheep (D:9)
  A hippogriff (D:11)
  2 yaks (D:9)
  Menkaure (D:4)
  2 acid dragons
  2 water moccasins
  Duvessa (D:7)
  2 porcupines (D:10)
  4 orc warriors
  4 sky beasts
  A meliai simulacrum (D:11)
  A hornet zombie (D:8)
  Purgy (D:3)
  3 slaves
  2 phantoms
  4 ice beasts
  A black bear (D:8)
  3 necrophages (D:8)
  4 ogres
  9 centaurs
  A wolf (D:11)
  A crocodile (D:10)
  6 big kobolds
  3 bullfrogs
  8 gnoll sergeants (Bailey)
  Dowan (D:7)
  A water moccasin skeleton (D:11)
  2 scorpions
  12 killer bees
  4 wights
  3 electric eels (D:11)
  2 howler monkeys
  4 crimson imps
  3 centaur zombies
  A bullfrog zombie (D:11)
  8 hounds
  2 quasits
  A bullfrog skeleton (D:6)
  6 gnoll shamans (Bailey)
  A jelly (D:8)
  4 orc priests
  A centaur skeleton (D:6)
  7 orc wizards
  Jessica (D:3)
  7 iguanas
  5 worker ants
  A killer bee zombie (D:7)
  A hound zombie (D:7)
  2 hound skeletons
  Robin (D:4)
  A howler monkey skeleton (D:4)
  27 gnolls
  12 adders
  2 river rats (D:10)
  5 shadow imps
  16 white imps
  A howler monkey simulacrum (D:11)
  An ufetubus (D:10)
  An ooze (D:1)
  An adder skeleton (D:5)
  6 worms
  4 dart slugs
  13 leopard geckos
  43 orcs
  7 bats
  11 giant cockroaches
  21 goblins
  9 hobgoblins
  13 jackals
  22 kobolds
  4 quokkas
  3 ball pythons
  6 frilled lizards
  2 jackal skeletons
  A jackal zombie (D:5)
  A leopard gecko skeleton (D:7)
  A leopard gecko zombie (D:7)
  9 rats
407 creatures vanquished.

Vanquished Creatures (others)
  4 plants (D:9)
4 creatures vanquished.

Grand Total: 411 creatures vanquished

Notes
Turn   | Place    | Note
-------+----------+-------------------------------------------
     0 | D:1      | Masnef the Tengu Skald began the quest for the Orb.
     0 | D:1      | Reached XP level 1. HP: 12/12 MP: 4/4
   155 | D:1      | Reached XP level 2. HP: 15/17 MP: 1/6
   159 | D:1      | Learned a level 2 spell: Shroud of Golubria
   543 | D:1      | Reached XP level 3. HP: 14/21 MP: 2/7
  1240 | D:2      | Reached XP level 4. HP: 25/26 MP: 8/8
  1266 | D:2      | Reached skill level 3 in Maces & Flails
  1471 | D:2      | Found a bloodstained altar of Trog.
  1636 | D:2      | Reached skill level 1 in Translocations
  1930 | D:3      | Noticed Purgy
  1957 | D:3      | Killed Purgy
  1957 | D:3      | Gained mutation: You can fly continuously. [Tengu growth]
  1957 | D:3      | Reached XP level 5. HP: 18/31 MP: 1/9
  2167 | D:3      | Found a shattered altar of Ashenzari.
  2271 | D:3      | Reached XP level 6. HP: 31/36 MP: 10/10
  2281 | D:3      | Found a runed translucent gate.
  2281 | D:3      | Found a runed translucent gate.
  2281 | D:3      | Found a runed translucent gate.
  2281 | D:3      | Noticed Zaque's ghost (amateur OpTm)
  2303 | D:3      | Reached skill level 4 in Maces & Flails
  2347 | D:3      | Found a stormy altar of Qazlal.
  2402 | D:3      | Found a faded altar of an unknown god.
  2531 | D:3      | Noticed Jessica
  2541 | D:3      | Killed Jessica
  2569 | D:3      | Found a radiant altar of Vehumet.
  2574 | D:3      | Became a worshipper of Vehumet
  2870 | D:4      | Found a basalt altar of Yredelemnul.
  2870 | D:4      | Noticed Menkaure
  2878 | D:4      | Found a transporter.
  2960 | D:4      | Found a hide-covered altar of Uskayaw.
  3057 | D:4      | Noticed Robin
  3059 | D:4      | Noticed a phantom
  3072 | D:4      | Killed Robin
  3078 | D:4      | Reached * piety under Vehumet
  3078 | D:4      | Offered knowledge of Sting by Vehumet.
  3092 | D:4      | Killed a phantom
  3092 | D:4      | Reached XP level 7. HP: 19/41 MP: 3/12
  3365 | D:4      | Reached skill level 5 in Maces & Flails
  3375 | D:4      | Found an opulent altar of Gozag.
  3393 | D:4      | Found a staircase to the Ecumenical Temple.
  3712 | D:4      | Found an ancient bone altar of Kikubaaqudgha.
  3714 | D:4      | Found a transporter.
  3760 | D:5      | Entered Level 5 of the Dungeon
  4350 | D:5      | Reached skill level 6 in Maces & Flails
  4614 | D:5      | Found a snail-covered altar of Cheibriados.
  4664 | D:5      | Reached skill level 1 in Stealth
  4664 | D:5      | Reached XP level 8. HP: 29/48 MP: 13/13
  4975 | D:6      | Noticed Prince Ribbit
  5218 | D:6      | Reached skill level 7 in Maces & Flails
  6123 | D:6      | Killed Prince Ribbit
  6123 | D:6      | Reached skill level 5 in Dodging
  6467 | D:5      | Reached ** piety under Vehumet
  6474 | D:5      | Offered knowledge of Throw Flame by Vehumet.
  6479 | D:5      | Learned a level 2 spell: Throw Flame
  6500 | D:6      | Noticed Pikel
  6513 | D:5      | Reached skill level 1 in Conjurations
  6513 | D:5      | Reached XP level 9. HP: 50/52 MP: 7/16
  6754 | D:5      | Killed Pikel
  7446 | D:5      | Reached skill level 8 in Maces & Flails
  7783 | D:6      | Found a shadowy altar of Dithmenos.
  8814 | D:7      | Found an opulent altar of Gozag.
  8881 | D:7      | Reached skill level 5 in Fighting
  9016 | D:7      | Noticed Duvessa
  9024 | D:7      | Noticed Dowan
  9030 | D:7      | Killed Duvessa
  9030 | D:7      | Offered knowledge of Ignite Poison by Vehumet.
  9030 | D:7      | Reached skill level 9 in Maces & Flails
  9034 | D:7      | Killed Dowan
  9241 | D:8      | Reached XP level 10. HP: 48/59 MP: 12/17
  9252 | D:8      | Reached *** piety under Vehumet
  9539 | D:8      | Found an iron altar of Okawaru.
 10613 | D:8      | Reached skill level 5 in Conjurations
 11376 | D:4      | Got a dazzling leather armour
 11522 | D:4      | Identified the cursed +1 leather armour of Wonder {*Contam
                  | rPois rF+} (You found it on level 4 of the Dungeon)
 11605 | D:4      | Killed Menkaure
 11605 | D:4      | Offered knowledge of Dazzling Spray by Vehumet.
 11610 | D:4      | Learned a level 3 spell: Dazzling Spray
 11616 | D:4      | Got a faintly glowing granite ring
 11617 | D:4      | Identified the ring of Seunarei {*Tele Str+4} (You found it
                  | on level 4 of the Dungeon)
 12023 | D:9      | Reached skill level 10 in Maces & Flails
 12194 | D:9      | Noticed Psyche
 12217 | D:9      | Killed Psyche
 12357 | D:9      | Reached **** piety under Vehumet
 12514 | D:8      | Found a blossoming altar of Fedhas.
 12692 | D:9      | Found an ornate altar of the Wu Jian Council.
 12801 | D:9      | Offered knowledge of Fireball by Vehumet.
 12808 | D:9      | Learned a level 5 spell: Fireball
 12905 | D:9      | Noticed a two-headed hydra
 12913 | D:9      | Reached XP level 11. HP: 65/65 MP: 15/18
 13015 | D:9      | Killed a two-headed hydra
 13240 | D:10     | Entered Level 10 of the Dungeon
 13258 | D:10     | Learned a level 2 spell: Blink
 13286 | D:10     | Found a flagged portal.
 13305 | Bailey   | Entered a bailey
 13522 | Bailey   | Learned a level 3 spell: Mephitic Cloud
 13538 | Bailey   | Reached skill level 11 in Maces & Flails
 13699 | Bailey   | Reached ***** piety under Vehumet
 13832 | Bailey   | Offered knowledge of Throw Icicle by Vehumet.
 14041 | D:10     | Noticed a death yak
 14045 | D:10     | Noticed a death yak
 14059 | D:10     | Noticed a death yak
 14064 | D:10     | Noticed a two-headed ogre
 14103 | D:9      | Killed a death yak
 14249 | D:9      | Killed a two-headed ogre
 14249 | D:9      | Reached skill level 5 in Spellcasting
 14249 | D:9      | Reached skill level 5 in Fire Magic
 14518 | D:9      | Killed a death yak
 14905 | D:9      | Killed a death yak
 15032 | D:10     | Found a staircase to the Orcish Mines.
 15114 | D:10     | Found a staircase to the Lair.
 15949 | D:10     | Learned a level 4 spell: Throw Icicle
 16172 | D:11     | Noticed Gastronok
 16239 | D:11     | Noticed a cyclops
 16391 | D:11     | Noticed a two-headed ogre
 16521 | D:11     | Reached skill level 1 in Evocations
 16535 | D:11     | Offered knowledge of Force Lance by Vehumet.
 16962 | D:10     | Killed Gastronok
 16962 | D:10     | Reached skill level 5 in Stealth
 16962 | D:10     | Reached skill level 1 in Ice Magic
 16962 | D:10     | Reached XP level 12. HP: 32/71 MP: 20/22
 17461 | D:11     | Killed a two-headed ogre
 17461 | D:11     | Reached skill level 10 in Dodging
 17464 | D:11     | Noticed a two-headed ogre
 18071 | D:11     | Got a pitted ring mail
 18201 | D:11     | Noticed a two-headed ogre
 18212 | D:11     | Killed a two-headed ogre
 18269 | D:11     | Noticed Sonja
 18269 | D:11     | Noticed a death knight
 18275 | D:11     | Mangled by a phantasmal warrior

Levels and vault maps discovered:
D:1:      dpeg_arrival_shrine, layout_basic, serial_glass, glass_columns_a,
          glass_columns_b
D:2:      layout_loops_ring, lemuel_round_altar
D:3:      layout_basic, nicolae_ashenzari_panopticon, old_standard_altar,
          lemuel_doored_altar, ebering_ghost_rock_garden,
          chequers_ecumenical_altar_simple_redux, nrook_campfire, uniq_purgy,
          uniq_jessica
D:4:      layout_basic, kennysheep_mini, grunt_gozag_statues,
          gammafunk_temple_of_torment, minmay_temple_entry_proselytizer,
          uniq_robin
D:5:      layout_loops_ring, kennysheep_slug_shrine, first_ration
D:6:      layout_basic, marbit_many_paths, uniq_prince_ribbit1, uniq_menkaure,
          uniq_pikel
D:7:      layout_basic, basic_altar, uniq_duvessa
D:8:      layout_rooms, nicolae_overflow_hidden_temple,
          overflow_temple_1_default
D:9:      layout_basic, kennysheep_little_box, hangedman_ranch
          [blue_anna_fruit_fields], minmay_between, uniq_psyche
D:10:     layout_big_octagon, dpeg_lair_monsters, david_orc_2,
          lightli_bailey_entry_fortress
D:11:     layout_roguey, serial_ice, serial_ice_f, serial_ice_g, serial_ice_j,
          serial_ice_h, portal_ice_cave_entry_imps, uniq_gastronok, uniq_sonja

Skill      XL: |  1  2  3  4  5  6  7  8  9 10 11 12 |
---------------+-------------------------------------+-----
Maces & Flails | 3 4 6 7 9 10 11 | 11.5
Charms         | 3 |  3.0
Translocations | 1 2 |  2.0
Dodging        | 3 4 5 6 8 9 10 | 10.1
Fighting       | 3 4 5 6 |  6.9
Spellcasting   | 3 4 6 |  6.3
Stealth        | 1 2 3 5 |  5.0
Conjurations   | 1 4 5 7 8 |  8.3
Fire Magic     | 3 4 6 |  6.3
Evocations     | 1 2 |  2.8
Ice Magic      | 1 2 |  2.1
Armour         | |  1.1

Action                   |  1- 3 |  4- 6 |  7- 9 | 10-12 || total
-------------------------+-------+-------+-------+-------++-------
Melee: Mace              |    69 |   186 |   430 |    57 ||   742
       Kick              |    11 |    34 |   109 |   176 ||   330
       Peck              |     7 |    18 |    90 |   119 ||   234
       Flail             |       |       |    18 |   567 ||   585
       Whip              |       |       |    13 |       ||    13
       Unarmed           |       |       |     2 |       ||     2
 Cast: Infusion          |     5 |    10 |    26 |    17 ||    58
       Shroud of Golubri |     1 |     3 |    24 |    19 ||    47
       Throw Flame       |       |       |    12 |     6 ||    18
       Fireball          |       |       |       |    36 ||    36
       Dazzling Spray    |       |       |       |     3 ||     3
       Mephitic Cloud    |       |       |       |    44 ||    44
       Throw Icicle      |       |       |       |    46 ||    46
       Blink             |       |       |       |     5 ||     5
 Abil: Fly               |       |     1 |       |     1 ||     2
       Stop Flying       |       |       |       |     1 ||     1
Evoke: Wand              |       |       |    16 |     5 ||    21
  Use: Scroll            |       |     3 |     7 |    12 ||    22
       Potion            |       |     2 |       |     3 ||     5
 Stab: Sleeping          |       |       |     1 |     2 ||     3
       Distracted        |       |       |       |     3 ||     3
       Confused          |       |       |       |    22 ||    22
  Eat: Chunk             |     1 |     7 |    13 |    27 ||    48
       Ration            |       |       |     2 |     7 ||     9
Armor: Leather armour    |    19 |    43 |   106 |    69 ||   237
       Skin              |       |    52 |       |     3 ||    55
Dodge: Dodged            |    55 |   135 |   362 |   578 ||  1130
       Deflected         |       |     1 |     2 |       ||     3
